 Dungeon Crawl Stone Soup version 0.26-a0-778-g3fe0686644 (webtiles) character file.

Game seed: 2440492700552237785

71 lunkers the Bolt Thrower (level 4, -1/28 HPs)
             Began as a Kobold Arcane Marksman on Nov 9, 2020.
             Slain by a worker ant (2 damage)
             ... on level 4 of the Dungeon.
             The game lasted 00:03:18 (3832 turns).

lunkers the Bolt Thrower (Kobold Arcane Marksman)   Turns: 3832, Time: 00:03:19

Health: -1/28      AC:  3    Str:  8    XL:     4   Next: 47%
Magic:  5/5        EV: 15    Int: 14    God:
Gold:   204        SH:  0    Dex: 15    Spells: 4/5 levels left

rFire    . . .     SeeInvis .   a - +0 hand crossbow
rCold    . . .     Faith    .   (shield restricted)
rNeg     . . .     Spirit   .   e - +0 robe
rPois    .         Reflect  .   s - +0 helmet
rElec    .         Harm     .   (no cloak)
rCorr    .         Rampage  .   (no gloves)
MR       .....                  (no boots)
Stlth    +.........             (no amulet)
HPRegen  0.09/turn              k - ring of attention (curse)
MPRegen  0.09/turn              (no ring)

@: lethally poisoned (-1 -> -10)
A: small, nightstalker 3
a: no special abilities


You were on level 4 of the Dungeon.
You visited 1 branch of the dungeon, and saw 4 of its levels.

You collected 204 gold pieces.

Inventory:

Hand Weapons
 a - a +0 hand crossbow (weapon)
 b - a +0 short sword
 g - a +0 dagger
Missiles
 p - 45 bolts (quivered)
Armour
 e - a +0 robe (worn)
 s - a +0 helmet (worn)
Jewellery
 k - a cursed ring of attention (left hand)
Scrolls
 d - a scroll of teleportation
 h - a scroll of enchant weapon {unknown}
 i - a scroll of fog {unknown}
 l - a scroll of remove curse {unknown}
 m - a scroll of identify {unknown}
 o - a scroll of random uselessness {unknown}
 q - a scroll of immolation {unknown}
 r - a scroll of fear {unknown}
 t - a scroll of enchant armour {unknown}
Potions
 c - a potion of might {unknown}
 f - a potion of mutation {unknown}
 j - a potion of invisibility {unknown}
 n - 3 potions of brilliance {unknown}


   Skills:
 + Level 3.2 Fighting
 - Level 4.0 Crossbows
 - Level 2.4 Dodging
 - Level 1.1 Spellcasting
 - Level 3.0 Hexes


You had 4 spell levels left.
You knew the following spells:

 Your Spells              Type           Power        Failure   Level
p - Corona                Hex            #......      8%          1

Your spell library contained the following spells:

 Spells                   Type           Power        Failure   Level
 Slow                     Hex            #.......     12%         2
 Inner Flame              Hex/Fire       #.......     38%         3
 Portal Projectile        Hex/Tloc       #.....       38%         3
 Cause Fear               Hex            #.........   58%         4
 Leda's Liquefaction      Hex/Erth       #.........   80%         4


Dungeon Overview and Level Annotations

Branches:
Dungeon (4/15)
 Temple: D:4-7

Altars:
Wu Jian

Annotations:
D:3 1 runed translucent door, Crazy Yiuf, Terence


Innate Abilities, Weirdness & Mutations

You are small and have problems with some larger weapons.
You are completely attuned to the shadows.


Message History

Unknown command.
Firing (i - inventory)
p - 47 bolts (quivered)
Press: ? - help, Shift-Dir - straight line, f/p - worker ant
Aim: a worker ant You shoot a bolt.
The bolt completely misses the worker ant.
* * * LOW HITPOINT WARNING * * *
You feel sick. The worker ant bites you.
* * * LOW HITPOINT WARNING * * *
The worker ant bites you.
* * * LOW HITPOINT WARNING * * *
Unknown command.
Unknown command.
Firing (i - inventory)
p - 46 bolts (quivered)
Press: ? - help, Shift-Dir - straight line, f/p - worker ant
Aim: a worker ant You shoot a bolt.
The bolt closely misses the worker ant.
* * * LOW HITPOINT WARNING * * *
You feel sick. The worker ant bites you.
You die...

#........#.##...###.#
#.....##.#.#....'.#.#
.....<...#.#....#.#.#
.....#####.#....#.#.#
.#.....)........#.#.#
#########.##...#.#.#
#....<...#.#
##########.#
>...@....# ...B.#####
####.. #..# #..#


You could see a worker ant.

Vanquished Creatures
  An adder (D:3)
  A worm (D:2)
  2 dart slugs (D:1)
  A leopard gecko (D:1)
  2 giant cockroaches (D:1)
  12 goblins
  6 hobgoblins
  3 jackals (D:2)
  5 kobolds
  A quokka (D:3)
  A ball python skeleton (D:4)
  7 bats
  4 frilled lizards
  7 rats
53 creatures vanquished.

Vanquished Creatures (others)
  A fungus (D:3)
1 creature vanquished.

Grand Total: 54 creatures vanquished

Notes
Turn   | Place    | Note
-------+----------+-------------------------------------------
     0 | D:1      | lunkers the Kobold Arcane Marksman began the quest for the
                  | Orb.
     0 | D:1      | Reached XP level 1. HP: 12/12 MP: 2/2
    67 | D:1      | Reached XP level 2. HP: 16/17 MP: 3/3
    69 | D:1      | Reached skill level 3 in Crossbows
   383 | D:1      | Reached XP level 3. HP: 21/21 MP: 4/4
  1389 | D:2      | Reached XP level 4. HP: 25/27 MP: 5/5
  2032 | D:2      | Reached skill level 4 in Crossbows
  2497 | D:3      | Noticed Terence
  3233 | D:3      | Found an ornate altar of the Wu Jian Council.
  3703 | D:3      | Found a runed translucent door.
  3706 | D:3      | Noticed Crazy Yiuf
  3832 | D:4      | HP: 1/28 [poisoned by a worker ant]
  3832 | D:4      | Slain by a worker ant

Illustrated notes

Levels and vault maps discovered:
D:1:      dpeg_arrival_windows_large_door, layout_basic, serial_park_tiny_1,
          minmay_misc_feat_diagonals, minmay_cupped
D:2:      layout_loops_cross, chequers_arboretum, minivault_5
D:3:      layout_loops_ring, lemuel_altar_in_water, uniq_terence,
          uniq_crazy_yiuf_cottage
D:4:      layout_basic, brannock_xom_greatest_gift, minmay_temple_entry_slanted,
          gammafunk_ghost_necromancy

Skill      XL: |  1  2  3  4 |
---------------+-------------+-----
Crossbows      | 3 4 |  4.0
Fighting       | 2 3 |  3.2
Dodging        | |  2.4
Spellcasting   | |  1.1
Hexes          | |  3.0

Action                   |  1- 3 |  4- 6 || total
-------------------------+-------+-------++-------
Melee: Short sword       |     1 |    59 ||    60
 Fire: Hand crossbow     |   105 |    20 ||   125
  Use: Scroll            |     1 |     1 ||     2
       Potion            |       |     2 ||     2
 Stab: Sleeping          |       |     3 ||     3
Armor: Robe              |     6 |    10 ||    16
Dodge: Dodged            |    47 |    43 ||    90

Table legend: (Time is in decaauts)
 A = Elapsed time spent in this place.
 B = Non-inter-level travel time spent in this place.
 C = Inter-level travel time spent in this place.
 D = Time resting spent in this place.
 E = Time spent auto-exploring this place.
 F = Levels seen in this place.
 G = Mean time per level.
                   A        B        C        D        E       F      G
               +--------+--------+--------+--------+--------+-----+--------+
         Total |   3872 |   3640 |    232 |    160 |   3018 |   4 |  968.0 |
       Dungeon |   3872 |   3640 |    232 |    160 |   3018 |   4 |  968.0 |
               +--------+--------+--------+--------+--------+-----+--------+

Top non-repeatable levels by time:
     D:2: 1443 daAuts
     D:3: 1309 daAuts
     D:1: 1057 daAuts
     D:4: 61 daAuts
